 Dungeon Crawl Stone Soup version 0.23-a0-407-g92528d7c89 (webtiles) character file.

56030 Napalmbreeze the Fighter (level 14, -14/115 HPs)
             Began as a Gnoll Wanderer on Nov 7, 2018.
             Was an Initiate of Gozag.
             Killed from afar by an ice statue (21 damage)
             ... with a freezing blast
             ... in an ice cave.
             The game lasted 01:27:55 (28478 turns).

Napalmbreeze the Fighter (Gnoll Wanderer)          Turns: 28478, Time: 01:28:00

Health: -14/115    AC: 25    Str: 15    XL:     14   Next: 79%
Magic:  27/27      EV: 12    Int: 13    God:    Gozag
Gold:   2856       SH:  7    Dex: 19    Spells: 27/31 levels left

rFire    + + +     SeeInvis .   F - +2 dagger (elec)
rCold    . . .     Gourm    .   l - +0 buckler {rPois}
rNeg     . . .     Faith    .   J - +1 chain mail {rF+}
rPois    +         Spirit   .   X - +0 helmet of the Game of Kings {rElec rF+++ Int-2} (curse)
rElec    +         Reflect  .   s - +0 cloak
rCorr    .         Harm     +   z - +2 pair of gloves
MR       +....                  Z - +2 pair of boots
Stlth    ++........             B - amulet of harm
HPRegen  0.29/turn              y - +3 ring of protection
MPRegen  0.20/turn              b - +4 ring of slaying

@: no status effects
A: distributed training, fangs 1, strong nose
a: Potion Petition, Call Merchant, Bribe Branch, Renounce Religion


You were in an ice cave.
You worshipped Gozag.
Gozag was most pleased with you.
You were not hungry.

You visited 3 branches of the dungeon, and saw 19 of its levels.
You also visited: Labyrinth and Ice Cave.

You collected 5192 gold pieces.
You spent 983 gold pieces at shops.
You paid 1353 gold pieces to Gozag.

Inventory:

Hand Weapons
 d - a +2 dagger of venom
 F - a +2 dagger of electrocution (weapon)
Missiles
 n - 5 needles of confusion
 x - a curare-tipped needle
Armour
 l - a +0 buckler of poison resistance (worn)
 s - a +0 cloak (worn)
 z - a +2 pair of gloves (worn)
 J - a +1 chain mail of fire resistance (worn)
 R - the +9 plate armour of Zuefim {Str+2}
   (You found it on level 9 of the Dungeon)

   It affects your strength (+2).
 X - the cursed +0 helmet of the Game of Kings (worn) {rElec rF+++ Int-2}
   (You bought it in a shop on level 4 of the Lair of Beasts)

   It affects your intelligence (-2).
   It renders you almost immune to fire.
   It insulates you from electricity.
   It has a curse placed upon it.
 Z - a +2 pair of boots (worn)
Jewellery
 b - a +4 ring of slaying (right hand)
 y - a +3 ring of protection (left hand)
 B - an amulet of harm (around neck)
 U - a +5 ring of strength
Wands
 o - a wand of digging (15)
 v - a wand of enslavement (5)
 A - a wand of scattershot (4)
 H - a wand of clouds (4)
 L - a wand of iceblast (16)
 M - a wand of acid (8)
 Q - a wand of paralysis (11)
 W - a wand of disintegration (15)
Scrolls
 e - a scroll of silence
 h - 3 scrolls of magic mapping
 i - 6 scrolls of fog
 m - 4 scrolls of remove curse
 q - 3 scrolls of teleportation
 t - 3 scrolls of amnesia
 u - a scroll of immolation
 C - 2 scrolls of enchant weapon
 O - 2 scrolls of holy word
 S - a scroll of summoning
 V - 4 scrolls of enchant armour
Potions
 a - 2 potions of lignification
 c - 4 potions of flight
 g - 2 potions of heal wounds
 j - a potion of ambrosia {unknown}
 k - 2 potions of cancellation
 p - a potion of curing
 r - 3 potions of berserk rage
 w - 2 potions of magic
 D - 2 potions of mutation
 E - a potion of agility
 G - 2 potions of haste
 I - 2 potions of brilliance
 K - 2 potions of resistance {unknown}
 P - 3 potions of might
Miscellaneous
 N - a sack of spiders
Comestibles
 f - 6 rations


   Skills:
 + Level 12.3 Fighting
 + Level 9.7 Short Blades
 + Level 9.3 Long Blades
 + Level 9.3 Axes
 + Level 9.3 Maces & Flails
 + Level 9.7 Polearms
 + Level 9.3 Staves
 + Level 9.3 Slings
 + Level 9.3 Bows
 + Level 9.3 Crossbows
 + Level 9.7 Throwing
 + Level 9.3 Armour
 + Level 9.7 Dodging
 + Level 9.7 Stealth
 + Level 9.3 Shields
 + Level 9.3 Unarmed Combat
 + Level 9.3 Spellcasting
 + Level 7.8 Conjurations
 + Level 7.8 Hexes
 + Level 7.8 Charms
 + Level 7.8 Summonings
 + Level 7.8 Necromancy
 + Level 7.8 Translocations
 + Level 7.8 Transmutations
 + Level 7.8 Fire Magic
 + Level 7.8 Ice Magic
 + Level 7.8 Air Magic
 + Level 7.8 Earth Magic
 + Level 7.8 Poison Magic
 + Level 10.2 Invocations
 + Level 9.7 Evocations


You had 27 spell levels left.
You knew the following spells:

 Your Spells              Type           Power        Failure   Level  Hunger
a - Mephitic Cloud        Conj/Pois/Air  ####....     19%         3    ##.....
l - Animate Skeleton      Necr           N/A          6%          1    None

Your spell library contained the following spells:

 Spells                   Type           Power        Failure   Level  Hunger
 Beastly Appendage        Tmut           ####..       6%          1    None
 Confusing Touch          Hex            ####..       6%          1    None
 Corona                   Hex            ####...      6%          1    None
 Magic Dart               Conj           ####         6%          1    None
 Pain                     Necr           ####         6%          1    None
 Blink                    Tloc           N/A          10%         2    None
 Call Imp                 Summ           ####....     10%         2    None
 Corpse Rot               Necr           N/A          10%         2    None
 Slow                     Hex            ####....     10%         2    None
 Sticks to Snakes         Tmut           ####....     10%         2    None
 Sublimation of Blood     Necr           ####......   10%         2    None
 Confuse                  Hex            ####....     19%         3    ##.....
 Conjure Flame            Conj/Fire      ####....     19%         3    ##.....
 Gell's Gravitas          Tloc           ####......   19%         3    ##.....
 Inner Flame              Hex/Fire       ####....     19%         3    ##.....
 Portal Projectile        Hex/Tloc       ####..       19%         3    ##.....
 Recall                   Summ/Tloc      N/A          19%         3    ##.....
 Regeneration             Chrm/Necr      ####......   19%         3    ##.....
 Spider Form              Tmut/Pois      ####......   19%         3    ##.....
 Vampiric Draining        Necr           ####......   19%         3    ##.....
 Animate Dead             Necr           N/A          52%         4    ####...
 Cause Fear               Hex            ####......   52%         4    ####...
 Ice Form                 Ice/Tmut       ####....     52%         4    ####...
 Leda's Liquefaction      Hex/Erth       ####......   52%         4    ####...
 Petrify                  Tmut/Erth      ####....     52%         4    ####...
 Agony                    Necr           ####....     86%         5    #####..
 Blade Hands              Tmut           ####......   86%         5    #####..
 Bolt of Draining         Conj/Necr      ####......   86%         5    #####..
 Bolt of Magma            Conj/Fire/Erth ####......   86%         5    #####..
 Borgnjor's Vile Clutch   Necr/Erth      ####......   86%         5    #####..
 Dispel Undead            Necr           ####....     86%         5    #####..
 Excruciating Wounds      Chrm/Necr      ####......   86%         5    #####..
 Iskenderun's Battlesphe  Conj/Chrm      ####....     86%         5    #####..
 Metabolic Englaciation   Hex/Ice        ####......   86%         5    #####..
 Venom Bolt               Conj/Pois      ####......   86%         5    #####..
 Yara's Violent Unravell  Hex/Tmut       ####......   86%         5    #####..
 Death Channel            Necr           ####......   100%        6    #######
 Iron Shot                Conj/Erth      ####......   100%        6    #######
 Simulacrum               Ice/Necr       ####......   100%        6    #######
 Orb of Destruction       Conj           ####......   100%        7    #######
 Spellforged Servitor     Conj/Summ      ####......   100%        7    #######


Dungeon Overview and Level Annotations

Branches:
Dungeon (12/15)            Temple (1/1) D:4            Lair (6/6) D:11
 Shoals (0/4) Lair:4        Snake (0/4) Lair:3        Slime (0/5) Lair:6
    Orc (0/2) D:9

Altars:
Ashenzari
Cheibriados
Dithmenos
Elyvilon
Gozag
Hepliaklqana
Kikubaaqudgha
Makhleb
Nemelex Xobeh
Okawaru
Qazlal
Sif Muna
Trog
Uskayaw
Vehumet
Wu Jian
Yredelemnul
Zin
The Shining One
Beogh
Jiyva

Shops:
D:7 (   D:12 }   Lair:4 [

Annotations:
Lair:1 3 runed doors, Azzok's ghost, journeyman GnEn
Lair:4 3 runed doors, exclusion: 3 oklob plants, Semoacif's ghost, journeyman GnAE; Ytylat's ghost, journeyman DDFi IceCv exclusion: 2 ice statues


Innate Abilities, Weirdness & Mutations

Your experience applies equally to all skills.
You have very sharp teeth.
Your uncanny sense of smell can sniff out nearby items.


Message History

You are engulfed in freezing vapours.
The ice beast hits you but does no damage.
Unknown command.
You hit the ice statue.
The ice statue is severely damaged.
You are engulfed in freezing vapours.
The ice beast barely misses you.
Unknown command.
You hit the ice statue.
The ice statue is severely damaged.
You are engulfed in freezing vapours.
You block the ice beast's attack.
The ice beast hits you but does no damage.
The ice beast closely misses you.
You are engulfed in freezing vapours.
The ice statue gestures at you. The shard of ice hits you!
* * * LOW HITPOINT WARNING * * *
The ice statue gestures at you. The freezing blast engulfs you!
You die...
Your body crumbles into a pile of gold.

##.. ##§...# ##.§§§§#
#...§§§8 #### #...§§§##
######..# #.......###
##..##....
##....Y....###.........
#...........#.......∩.∩
#.....@YY##....##......
#.....Y§####..#####....
##....§§8# #### ##..#
##.#.#### #### ####


You could see 2 ice statues and 4 ice beasts.

Vanquished Creatures
  Frances (D:12)
  Kirke (Lair:4)
  Gastronok (D:8)
  Nessos (Lair:4)
  A minotaur (Lab)
  Harold (Lair:1)
  A two-headed ogre (D:9)
  12 death yaks
  A fire crab (Lair:3)
  2 ugly things (D:12)
  An oklob plant (D:11)
  A cyclops (D:11)
  An elephant (Lair:4)
  A manticore (D:12)
  3 merfolk sirens (Lair:4)
  6 black mambas
  Psyche (D:8)
  8 spiny frogs
  2 komodo dragons
  A merfolk (Lair:4)
  5 trolls
  9 polar bears
  8 hornets
  7 blink frogs
  A meliai zombie (D:11)
  3 hippogriffs
  14 spriggans
  Sigmund (D:5)
  A human (D:7)
  A basilisk (Lair:6)
  29 yaks
  9 hogs
  5 wyverns
  4 vampire mosquitoes (D:12)
  Edmund (D:6)
  Menkaure (D:5)
  4 porcupines
  12 water moccasins
  2 sky beasts
  2 black bears (Lair:6)
  9 ice beasts
  8 orc warriors
  2 necrophages (D:10)
  6 ogres
  3 phantoms
  4 boggarts (Lair:6)
  51 wolves
  9 centaurs
  16 crocodiles
  2 big kobolds
  15 bullfrogs
  2 wyvern zombies
  A wyvern skeleton (D:11)
  3 scorpions
  12 killer bees
  12 howler monkeys
  5 crimson imps
  2 centaur zombies (D:6)
  A bullfrog zombie (D:5)
  A quasit (D:9)
  4 jellies
  5 centaur skeletons
  9 hounds
  5 orc priests
  3 bullfrog skeletons
  17 orc wizards
  Crazy Yiuf (D:3)
  2 iguanas (D:7)
  7 worker ants
  2 hound zombies
  A hound skeleton (D:4)
  2 worker ant zombies
  9 adders
  3 gnolls (D:6)
  2 shadow imps (D:5)
  4 white imps (IceCv)
  7 ufetubi (IceCv)
  An ooze (D:2)
  An adder zombie (D:9)
  3 worms
  A dart slug (D:6)
  5 leopard geckos
  52 orcs
  7 bats
  8 giant cockroaches
  6 goblins
  10 hobgoblins
  6 jackals
  4 quokkas
  6 frilled lizards
  A giant cockroach zombie (D:6)
  A jackal skeleton (D:4)
  15 kobolds
  A leopard gecko zombie (D:7)
  A quokka skeleton (D:4)
  6 rats
  A plant (D:11)
549 creatures vanquished.

Vanquished Creatures (others)
  A crocodile (Lair:6)
  An orc wizard (D:3)
  A white imp (IceCv)
  4 ufetubi (IceCv)
  13 fungi
  11 plants
  6 withered plants (Lair:4)
37 creatures vanquished.

Grand Total: 586 creatures vanquished

Notes
Turn   | Place    | Note
-------+----------+-------------------------------------------
     0 | D:1      | Napalmbreeze the Gnoll Wanderer began the quest for the
                  | Orb.
     0 | D:1      | Napalmbreeze set off with the following items: a
                  | curare-tipped needle, a +2 blowgun, a +0 falchion, a +0
                  | short sword, a +0 robe, a ration
     0 | D:1      | Reached XP level 1. HP: 26/26 MP: 2/2
    96 | D:1      | Reached XP level 2. HP: 24/33 MP: 3/3
   538 | D:1      | Reached XP level 3. HP: 21/38 MP: 4/4
   913 | D:2      | Reached skill level 1 in Invocations
  1069 | D:2      | Reached skill level 1 in Long Blades
  1069 | D:2      | Reached skill level 1 in Axes
  1069 | D:2      | Reached skill level 1 in Maces & Flails
  1069 | D:2      | Reached skill level 1 in Staves
  1069 | D:2      | Reached skill level 1 in Slings
  1069 | D:2      | Reached skill level 1 in Bows
  1069 | D:2      | Reached skill level 1 in Crossbows
  1069 | D:2      | Reached skill level 1 in Armour
  1069 | D:2      | Reached skill level 1 in Shields
  1069 | D:2      | Reached skill level 1 in Unarmed Combat
  1069 | D:2      | Reached skill level 1 in Spellcasting
  1121 | D:2      | Reached XP level 4. HP: 38/45 MP: 6/6
  1536 | D:2      | Reached skill level 1 in Conjurations
  1536 | D:2      | Reached skill level 1 in Hexes
  1536 | D:2      | Reached skill level 1 in Charms
  1536 | D:2      | Reached skill level 1 in Summonings
  1536 | D:2      | Reached skill level 1 in Necromancy
  1536 | D:2      | Reached skill level 1 in Translocations
  1536 | D:2      | Reached skill level 1 in Transmutations
  1536 | D:2      | Reached skill level 1 in Fire Magic
  1536 | D:2      | Reached skill level 1 in Ice Magic
  1536 | D:2      | Reached skill level 1 in Air Magic
  1536 | D:2      | Reached skill level 1 in Earth Magic
  1536 | D:2      | Reached skill level 1 in Poison Magic
  1976 | D:3      | Found a deep blue altar of Sif Muna.
  2019 | D:3      | Reached XP level 5. HP: 41/51 MP: 7/7
  2390 | D:3      | Found a shattered altar of Ashenzari.
  2607 | D:3      | Found a runed door.
  2612 | D:3      | Noticed Crazy Yiuf
  2617 | D:3      | Killed Crazy Yiuf
  2638 | D:3      | You fall through a shaft for 2 floors!
  2638 | D:5      | Entered Level 5 of the Dungeon
  2714 | D:4      | Reached XP level 6. HP: 51/57 MP: 8/8
  3067 | D:4      | Found a sparkling altar of Nemelex Xobeh.
  3067 | D:4      | Found a snail-covered altar of Cheibriados.
  3079 | D:4      | Found a burning altar of Makhleb.
  3079 | D:4      | Found an ancient bone altar of Kikubaaqudgha.
  3084 | D:4      | Found a radiant altar of Vehumet.
  3084 | D:4      | Found a shadowy altar of Dithmenos.
  3086 | D:4      | Found an ornate altar of the Wu Jian Council.
  3108 | D:4      | Reached XP level 7. HP: 54/63 MP: 10/10
  3559 | D:4      | Found a staircase to the Ecumenical Temple.
  3590 | Temple   | Entered the Ecumenical Temple
  3598 | Temple   | Became a worshipper of Gozag Ym Sagoz the Greedy
  3956 | D:4      | Found a white marble altar of Elyvilon.
  4042 | D:4      | Reached skill level 9 in Fighting
  4309 | D:5      | Reached XP level 8. HP: 50/71 MP: 12/12
  4338 | D:5      | Got a faintly glowing robe
  4537 | D:5      | Identified the +4 robe "Gum Ozan" {+Fly Stlth+} (You found
                  | it on level 5 of the Dungeon)
  4881 | D:5      | Noticed Menkaure
  4891 | D:5      | Killed Menkaure
  5320 | D:5      | Noticed Sigmund
  5737 | D:5      | Killed Sigmund
  5793 | D:6      | Reached XP level 9. HP: 76/76 MP: 14/14
  6408 | D:3      | Identified Sif Muna's Tome of Beguiling
  6608 | D:6      | Noticed Edmund
  6640 | D:6      | Killed Edmund
  6757 | D:6      | Reached skill level 5 in Short Blades
  6757 | D:6      | Reached skill level 5 in Polearms
  6757 | D:6      | Reached skill level 5 in Throwing
  6757 | D:6      | Reached skill level 5 in Dodging
  6757 | D:6      | Reached skill level 5 in Evocations
  6889 | D:6      | Found a snail-covered altar of Cheibriados.
  7067 | D:7      | Noticed a troll
  7096 | D:6      | Killed a troll
  7096 | D:6      | Reached skill level 5 in Stealth
  7568 | D:7      | Reached skill level 5 in Invocations
  7781 | D:7      | Reached XP level 10. HP: 75/84 MP: 15/17
  7930 | D:7      | Reached skill level 5 in Long Blades
  7930 | D:7      | Reached skill level 5 in Axes
  7930 | D:7      | Reached skill level 5 in Maces & Flails
  7930 | D:7      | Reached skill level 5 in Staves
  7930 | D:7      | Reached skill level 5 in Slings
  7930 | D:7      | Reached skill level 5 in Bows
  7930 | D:7      | Reached skill level 5 in Crossbows
  7930 | D:7      | Reached skill level 5 in Armour
  7930 | D:7      | Reached skill level 5 in Shields
  7930 | D:7      | Reached skill level 5 in Unarmed Combat
  7930 | D:7      | Reached skill level 5 in Spellcasting
  8238 | D:8      | Noticed Gastronok
  8519 | D:8      | Killed Gastronok
  8519 | D:8      | Reached skill level 10 in Fighting
  8744 | D:8      | Noticed Psyche
  8752 | D:8      | Killed Psyche
  9064 | D:8      | Found a hide-covered altar of Uskayaw.
  9140 | D:8      | Reached XP level 11. HP: 83/91 MP: 19/19
 10243 | D:9      | Found a basalt altar of Yredelemnul.
 10274 | D:9      | Noticed a two-headed ogre
 10393 | D:9      | Killed a two-headed ogre
 10393 | D:9      | Reached skill level 5 in Conjurations
 10393 | D:9      | Reached skill level 5 in Hexes
 10393 | D:9      | Reached skill level 5 in Charms
 10393 | D:9      | Reached skill level 5 in Summonings
 10393 | D:9      | Reached skill level 5 in Necromancy
 10393 | D:9      | Reached skill level 5 in Translocations
 10393 | D:9      | Reached skill level 5 in Transmutations
 10393 | D:9      | Reached skill level 5 in Fire Magic
 10393 | D:9      | Reached skill level 5 in Ice Magic
 10393 | D:9      | Reached skill level 5 in Air Magic
 10393 | D:9      | Reached skill level 5 in Earth Magic
 10393 | D:9      | Reached skill level 5 in Poison Magic
 10871 | D:9      | Paralysed by an orc warrior for 6 turns
 10914 | D:9      | Found a staircase to the Orcish Mines.
 11369 | D:9      | Got a translucent plate armour
 11382 | D:9      | Identified the +9 plate armour of Zuefim {Str+2} (You found
                  | it on level 9 of the Dungeon)
 11431 | D:9      | Found a roughly hewn altar of Beogh.
 11466 | D:9      | Found a white marble altar of Elyvilon.
 11589 | D:10     | Entered Level 10 of the Dungeon
 12175 | D:10     | Noticed a frost giant
 12521 | D:11     | Noticed a cyclops
 12541 | D:11     | Killed a cyclops
 12896 | D:11     | Found a shadowy altar of Dithmenos.
 13080 | D:11     | Found a staircase to the Lair.
 13080 | D:11     | Noticed an oklob plant
 14035 | Lair:1   | Entered Level 1 of the Lair of Beasts
 14085 | Lair:1   | Noticed Harold
 14125 | Lair:1   | Killed Harold
 14125 | Lair:1   | Reached XP level 12. HP: 32/99 MP: 22/22
 14326 | Lair:1   | Noticed Azzok's ghost (journeyman GnEn)
 14330 | Lair:1   | Found a runed gate.
 14330 | Lair:1   | Found a runed gate.
 14330 | Lair:1   | Found a runed gate.
 15085 | Lair:1   | Reached skill level 11 in Fighting
 15821 | Lair:1   | Learned a level 1 spell: Animate Skeleton
 17321 | Lair:3   | Found a labyrinth entrance.
 17345 | Lab      | Entered a labyrinth
 17455 | Lab      | Noticed a minotaur
 17460 | Lab      | Found the +9 staff of Wucad Mu {channel}
 17472 | Lab      | Killed a minotaur
 17491 | Lab      | Got a fine scimitar
 17491 | Lab      | Got a scorched leather armour
 17635 | Lair:2   | Identified the +0 leather armour of Naon {*Slow rPois Str+8
                  | Dex-3} (You found it in a labyrinth)
 17641 | Lair:2   | Identified the +1 scimitar of Tenacity {antimagic, Int+2
                  | SInv} (You found it in a labyrinth)
 17806 | Lair:3   | Found a staircase to the Snake Pit.
 18140 | Lair:3   | Reached XP level 13. HP: 83/106 MP: 24/24
 19099 | Lair:4   | Found a runed gate.
 19100 | Lair:4   | Found a runed gate.
 19101 | Lair:4   | Found a runed gate.
 19102 | Lair:4   | Noticed Nessos
 19252 | Lair:4   | Killed Nessos
 19446 | Lair:4   | Learned a level 3 spell: Mephitic Cloud
 20357 | Lair:4   | Noticed Semoacif's ghost (journeyman GnAE)
 20359 | Lair:4   | Noticed Ytylat's ghost (journeyman DDFi)
 20459 | Lair:4   | Found a staircase to the Shoals.
 20844 | Lair:4   | Bought the cursed +0 helmet of the Game of Kings {rElec
                  | rF+++ Int-2} for 694 gold pieces
 21061 | Lair:5   | Noticed Kirke
 21468 | Lair:4   | Found a runed gate.
 21544 | Lair:4   | Found a runed gate.
 21544 | Lair:4   | Found a runed gate.
 21652 | Lair:4   | Killed Kirke
 21747 | Lair:4   | Found Kith's Armour Boutique.
 23242 | Lair:5   | Reached XP level 14. HP: 85/114 MP: 26/26
 23941 | Lair:4   | Found a staircase to the Shoals.
 24234 | Lair:6   | Entered Level 6 of the Lair of Beasts
 24762 | Lair:6   | Reached skill level 12 in Fighting
 26478 | Lair:6   | Reached skill level 10 in Invocations
 26850 | Lair:6   | Found a viscous altar of Jiyva.
 26851 | Lair:6   | Found a staircase to the Slime Pits.
 27712 | D:12     | Noticed Frances
 27716 | D:12     | Killed Frances
 28126 | D:12     | Found Ifarphal's Gadget Shoppe.
 28143 | D:12     | Bought a wand of iceblast (13) for 289 gold pieces
 28152 | D:12     | Found a frozen archway.
 28241 | IceCv    | Entered an ice cave
 28478 | IceCv    | Killed from afar by an ice statue

Vault maps used:
D:1:      minmay_arrival_jagged
D:2:      wad_lake_hut
D:3:      led_sif_book, marbit_many_paths, uniq_crazy_yiuf_cottage
D:4:      grunt_temple_overflow_open, minmay_temple_entry_statues_pillars,
          kennysheep_small_circle
D:5:      first_ration, chequers_serial_rivers_micro_b, uniq_menkaure,
          uniq_sigmund
D:6:      serial_undead, serial_undead_b, serial_undead_b, serial_undead_f,
          serial_undead_b, kennysheep_slug_shrine, uniq_edmund
D:7:      hangedman_abyss_or_decor_lesser_grid, grunt_livestock
D:8:      kennysheep_mini_moat, uniq_psyche, uniq_gastronok
D:9:      kennysheep_ying_yang, minmay_orc_entry_temple_small,
          nrook_loot_triangle
D:10:     onia_ninara_dug_in_and_dangerous
D:11:     dpeg_oklobed_lair, grunt_dithmenos_smoke_and_mirrors
D:12:     minmay_opposing_rooms, serial_shops, shop,
          portal_ice_cave_entry_ice_beasts, tso_altar, uniq_frances
Temple:   eino_temple_lava
Lair:1:   gammafunk_ghost_split, uniq_harold
Lair:2:   beast_lair_carwin_5, lemuel_fruit_tree
Lair:3:   dummy_snake_entry, lab_entry_generic, small_statue_intersection
Lair:4:   elwin_shoals_entry_stream, gammafunk_ghost_cemetery,
          chequers_serial_rivers_marsh, minmay_lair_oklob_chamber, uniq_nessos
Lair:5:   beast_lair_carwin_3, uniq_kirke
Lair:6:   minmay_lair_end_enchanted_forest, dpeg_slime_entry_enclosed_altar
Lab:      labyrinth_hidden_loot, nicolae_lab_arrow, nicolae_lab_quarters,
          nicolae_lab_x, nicolae_lab_lava, nicolae_lab_dead_end,
          labyrinth_skeletal_remains
IceCv:    ice_cave_small_demon

Skill      XL: |  1  2  3  4  5  6  7  8  9 10 11 12 13 14 |
---------------+-------------------------------------------+-----
Invocations    | 1 2 3 4 5 6 7 8 9 10 | 10.2
Long Blades    | 1 2 3 4 5 6 7 8 9 |  9.3
Axes           | 1 2 3 4 5 6 7 8 9 |  9.3
Maces & Flails | 1 2 3 4 5 6 7 8 9 |  9.3
Staves         | 1 2 3 4 5 6 7 8 9 |  9.3
Slings         | 1 2 3 4 5 6 7 8 9 |  9.3
Bows           | 1 2 3 4 5 6 7 8 9 |  9.3
Crossbows      | 1 2 3 4 5 6 7 8 9 |  9.3
Armour         | 1 2 3 4 5 6 7 8 9 |  9.3
Shields        | 1 2 3 4 5 6 7 8 9 |  9.3
Unarmed Combat | 1 2 3 4 5 6 7 8 9 |  9.3
Spellcasting   | 1 2 3 4 5 6 7 8 9 |  9.3
Conjurations   | 1 2 3 4 5 6 7 |  7.8
Hexes          | 1 2 3 4 5 6 7 |  7.8
Charms         | 1 2 3 4 5 6 7 |  7.8
Summonings     | 1 2 3 4 5 6 7 |  7.8
Necromancy     | 1 2 3 4 5 6 7 |  7.8
Translocations | 1 2 3 4 5 6 7 |  7.8
Transmutations | 1 2 3 4 5 6 7 |  7.8
Fire Magic     | 1 2 3 4 5 6 7 |  7.8
Ice Magic      | 1 2 3 4 5 6 7 |  7.8
Air Magic      | 1 2 3 4 5 6 7 |  7.8
Earth Magic    | 1 2 3 4 5 6 7 |  7.8
Poison Magic   | 1 2 3 4 5 6 7 |  7.8
Short Blades   | 3 4 5 6 7 8 9 |  9.7
Polearms       | 3 4 5 6 7 8 9 |  9.7
Throwing       | 3 4 5 6 7 8 9 |  9.7
Dodging        | 3 4 5 6 7 8 9 |  9.7
Evocations     | 3 4 5 6 7 8 9 |  9.7
Stealth        | 3 4 5 6 7 8 9 |  9.7
Fighting       | 9 10 11 12 | 12.3

Action                   |  1- 3 |  4- 6 |  7- 9 | 10-12 | 13-15 || total
-------------------------+-------+-------+-------+-------+-------++-------
Melee: Falchion          |    94 |   119 |       |       |       ||   213
       Bite              |     9 |    36 |    63 |   191 |   211 ||   510
       Dagger            |       |    58 |    77 |  1239 |  1300 ||  2674
       Flail             |       |    37 |   266 |       |       ||   303
       Punch             |       |     1 |     3 |    18 |       ||    22
       Quarterstaff      |       |    29 |   111 |       |       ||   140
 Fire: Blowgun           |       |     1 |       |     1 |     9 ||    11
Throw: Stone             |    17 |    11 |     5 |       |       ||    33
 Cast: Mephitic Cloud    |       |       |       |       |     2 ||     2
Invok: Call Merchant     |       |       |       |     1 |     1 ||     2
Evoke: Wand              |       |       |       |     8 |     8 ||    16
  Use: Scroll            |       |     3 |    10 |    13 |     9 ||    35
       Potion            |       |       |     1 |     5 |     2 ||     8
 Stab: Sleeping          |     2 |     1 |     2 |       |     1 ||     6
       Distracted        |       |       |     2 |     2 |     7 ||    11
       Confused          |       |       |       |       |     2 ||     2
  Eat: Chunk             |     1 |     6 |     3 |       |       ||    10
       Ration            |       |       |     4 |    10 |    10 ||    24
Armor: Robe              |    16 |       |       |       |       ||    16
       Scale mail        |     7 |    99 |   192 |       |       ||   298
       Chain mail        |       |       |    81 |   429 |   521 ||  1031
       Plate armour      |       |       |       |    36 |       ||    36
Dodge: Dodged            |    84 |   130 |   250 |   493 |   582 ||  1539
Block: Buckler           |       |       |       |   107 |   372 ||   479
       Rpst.: Falchion   |    26 |    23 |       |       |       ||    49

Table legend:
 A = Non-vault XP
 B = Vault XP
 C = Vault XP percentage of total XP
 D = Non-vault monster count
 E = Vault monster count
 F = Vault count percentage of total count
                 A         B        C        D         E       F
            +---------+---------+-------+---------+---------+-------
      Total |   50142 |   29901 |  37.4 |     423 |     126 |  23.0
            +---------+---------+-------+---------+---------+-------
        D:1 |      40 |       0 |   0.0 |      24 |       0 |   0.0
        D:2 |     102 |       0 |   0.0 |      20 |       0 |   0.0
        D:3 |     162 |     109 |  40.2 |      25 |       4 |  13.8
        D:4 |     780 |      18 |   2.3 |      24 |       1 |   4.0
        D:5 |     801 |     369 |  31.5 |      22 |       2 |   8.3
        D:6 |    1077 |     314 |  22.6 |      26 |       6 |  18.8
        D:7 |     910 |     976 |  51.7 |      16 |       5 |  23.8
        D:8 |    1625 |    2586 |  61.4 |      38 |       2 |   5.0
        D:9 |    3215 |     229 |   6.6 |      38 |       6 |  13.6
       D:10 |     796 |       0 |   0.0 |      14 |       0 |   0.0
       D:11 |    3950 |     535 |  11.9 |      33 |       1 |   2.9
       D:12 |    2481 |    3429 |  58.0 |       9 |       9 |  50.0
     Lair:1 |    4675 |     960 |  17.0 |      25 |       1 |   3.8
     Lair:2 |    2395 |    1219 |  33.7 |      15 |       7 |  31.8
     Lair:3 |    7643 |       0 |   0.0 |      20 |       0 |   0.0
     Lair:4 |    5236 |    6905 |  56.9 |      20 |      12 |  37.5
     Lair:5 |    9849 |    3173 |  24.4 |      36 |      15 |  29.4
     Lair:6 |    4405 |    7746 |  63.7 |      18 |      43 |  70.5
        Lab |       0 |    1246 | 100.0 |       0 |       1 | 100.0
      IceCv |       0 |      87 | 100.0 |       0 |      11 | 100.0
            +---------+---------+-------+---------+---------+-------
